 Dungeon Crawl Stone Soup version 0.27-a0-417-g317cea8a3c (webtiles) character file.

Game seed: 12475948722887766313

214 siradein the Caller (level 5, -25/35 HPs)
             Began as a Demonspawn Summoner on Feb 25, 2021.
             Blown up by Ijyb (31 damage)
             ... with a mindburst bolt
             ... on level 4 of the Dungeon on Feb 26, 2021.
             The game lasted 00:07:38 (3364 turns).

siradein the Caller (Demonspawn Summoner)           Turns: 3364, Time: 00:07:38

Health: -25/35     AC: 20    Str:  8    XL:     5   Next: 59%
Magic:  3/8        EV: 12    Int: 18    God:
Gold:   189        SH:  0    Dex: 13    Spells: 5/8 levels left

rFire    . . .     SeeInvis .   f - +2 dagger (protect)
rCold    . . .     Faith    .   (no shield)
rNeg     . . .     Spirit   .   a - +0 robe
rPois    +         Reflect  .   (no helmet)
rElec    .         Harm     .   (no cloak)
rCorr    .         Rampage  .   q - +0 pair of gloves
Will     .....                  m - +0 pair of boots
Stlth    ++........             (no amulet)
HPRegen  0.11/turn              c - ring of poison resistance
MPRegen  0.11/turn              (no ring)

@: sanguine armour, protection aura
A: spiny 1, sanguine armour 2
a: no special abilities


You were on level 4 of the Dungeon.
You visited 1 branch of the dungeon, and saw 4 of its levels.

You collected 189 gold pieces.

Inventory:

Hand Weapons
 f - a +2 dagger of protection (weapon)
 r - a +0 trident
Armour
 a - a +0 robe (worn)
 m - a +0 pair of boots (worn)
 q - a +0 pair of gloves (worn)
Jewellery
 c - a ring of poison resistance (left hand)
 n - a +4 ring of protection
Scrolls
 d - a scroll of random uselessness {unknown}
 i - 2 scrolls of immolation {unknown}
 j - a scroll of teleportation {unknown}
 l - 4 scrolls of identify {unknown}
 t - a scroll of fear {unknown}
 u - a scroll of blinking {unknown}
Potions
 b - a potion of might {unknown}
 e - 2 potions of curing {unknown}
 g - a potion of berserk rage {unknown}
 h - a potion of heal wounds {unknown}
 k - 2 potions of invisibility {unknown}
 o - a potion of magic {unknown}
 p - 2 potions of flight {unknown}
 s - a potion of cancellation {unknown}


   Skills:
 - Level 1.7 Dodging
 - Level 1.7 Stealth
 - Level 2.0 Spellcasting
 + Level 6.9 Summonings


You had 5 spell levels left.
You knew the following spells:

 Your Spells              Type           Power        Failure   Level
a - Summon Small Mammal   Summ           100%         1%          1
b - Call Imp              Summ           26%          1%          2

Your spell library contained the following spells:

 Spells                   Type           Power        Failure   Level
 Call Canine Familiar     Summ           26%          3%          3
 Summon Guardian Golem    Hex/Summ       14%          13%         3
 Summon Ice Beast         Ice/Summ       14%          41%         4
 Summon Lightning Spire   Summ/Air       14%          41%         4
 Static Discharge         Conj/Air       1%           47%         3
 Lightning Bolt           Conj/Air       0%           99%         5
 Ignition                 Fire           0%           100%        8
 Shatter                  Erth           0%           100%        9
 Tornado                  Air            0%           100%        9


Dungeon Overview and Level Annotations

Branches:
Dungeon (4/15)
 Temple: D:4-7

Altars:
Elyvilon

Annotations:
D:4 Ijyb


Innate Abilities, Weirdness & Mutations

You are partially covered in sharp spines.
When seriously injured, your bleeding wounds create thick armour. (AC +9)


Message History

Your crimson imp closely misses Ijyb.
Ijyb zaps a wand.
Your mind is blasted!
Ouch! That really hurt!
Your blood congeals into armour.
Your shadow imp closely misses Ijyb.
You closely miss Ijyb.
Ijyb is lightly wounded.
Ijyb hits you but does no damage.
Your shadow imp misses Ijyb.
Your crimson imp hits Ijyb.
Unknown command.
Your shadow imp gestures at Ijyb.
Ijyb writhes in agony.
Your crimson imp hits Ijyb but does no damage.
Ijyb hits you but does no damage.
You climb upwards.
Your summoned ally is left behind.
There is a stone staircase leading down here.
Ijyb zaps a wand.
Your mind is blasted!
* * * LOW HITPOINT WARNING * * *
You climb downwards.
Your shadow imp disappears in a puff of smoke!
Your crimson imp disappears in a puff of smoke!
There is a stone staircase leading up, spattered with blood here.
You closely miss Ijyb.
Ijyb is heavily wounded.
Ijyb hits you but does no damage.
You hit Ijyb but do no damage.
Your weapon exudes an aura of protection.
Ijyb is heavily wounded.
Ijyb hits you but does no damage.
You hit Ijyb but do no damage.
Ijyb is heavily wounded.
Ijyb hits you with a +0 dagger.
* * * LOW HITPOINT WARNING * * *
Casting: Call Imp (safe; 1% risk of failure)
Press: ? - help, Q - select action, (/) - cycle Dir - look around, f - activate A beastly little devil appears in a puff of flame.
Ijyb closely misses you.
Your crimson imp hits Ijyb.
Ijyb grins evilly.
Ijyb zaps a wand.
Your mind is blasted!
Ouch! That really hurt!
You die...

#. .#
#.###
#.# ....
..# ...
.. .. .#
#.#.#
#.##g..#
#...5<.#
#..##@##
# #.#
...
.#.##
.###. ##
#


You could see Ijyb (ally target) and a friendly crimson imp (summoned).

Vanquished Creatures
  An ogre (D:3)
  Natasha (twice) (D:3)
  4 adders
  An ooze (D:2)
  A worm (D:2)
  A dart slug (D:3)
  2 leopard geckos
  2 orcs (D:3)
  5 goblins
  4 hobgoblins
  3 jackals (D:1)
  A ball python (D:3)
  7 bats
  2 frilled lizards (D:1)
  9 kobolds
  9 rats
54 creatures vanquished.

Vanquished Creatures (collateral kills)
  Natasha (D:3)
  An orc (D:3)
  A hobgoblin (D:1)
  A jackal (D:1)
  A frilled lizard (D:1)
5 creatures vanquished.

Grand Total: 59 creatures vanquished

Notes
Turn   | Place    | Note
-------+----------+-------------------------------------------
     0 | D:1      | siradein the Demonspawn Summoner began the quest for the
                  | Orb.
     0 | D:1      | Reached XP level 1. HP: 13/13 MP: 3/3
   797 | D:1      | Gained mutation: When seriously injured, your bleeding
                  | wounds create armour. (AC +9) [demonic ancestry]
   797 | D:1      | Reached XP level 2. HP: 7/19 MP: 1/5
  1372 | D:1      | Reached skill level 5 in Summonings
  1377 | D:1      | Gained mutation: You are partially covered in sharp spines.
                  | [demonic ancestry]
  1377 | D:1      | Reached XP level 3. HP: 21/24 MP: 6/6
  1380 | D:1      | Learned a level 2 spell: Call Imp
  2489 | D:2      | Gained mutation: When seriously injured, your bleeding
                  | wounds create thick armour. (AC +9) [demonic ancestry]
  2489 | D:2      | Reached XP level 4. HP: 25/30 MP: 7/7
  2845 | D:3      | Noticed Natasha
  2856 | D:3      | Killed Natasha
  2857 | D:3      | Reached skill level 6 in Summonings
  2910 | D:3      | Noticed an ogre
  2922 | D:3      | Killed an ogre
  2923 | D:3      | Reached XP level 5. HP: 35/35 MP: 2/8
  2957 | D:3      | Noticed Natasha
  2963 | D:3      | Killed Natasha
  3030 | D:3      | Found a white marble altar of Elyvilon.
  3174 | D:3      | Noticed Natasha
  3184 | D:3      | Killed Natasha
  3349 | D:4      | Noticed Ijyb
  3364 | D:4      | Blown up by Ijyb

Illustrated notes

Levels and vault maps discovered:
D:1:      lemuel_arrival_lava_pool, layout_rooms
D:2:      layout_loops_corners
D:3:      layout_rooms, lemuel_crystal_altar, uniq_natasha
D:4:      layout_loops_corners, uniq_ijyb, uniq_menkaure

Skill      XL: |  1  2  3  4 |
---------------+-------------+-----
Summonings     | 5 6 |  6.9
Dodging        | |  1.7
Stealth        | |  1.7
Spellcasting   | |  2.0

Action                   |  1- 3 |  4- 6 || total
-------------------------+-------+-------++-------
Melee: Unarmed           |    32 |       ||    32
       Mace              |    51 |       ||    51
       Dagger            |    82 |    43 ||   125
 Cast: Summon Small Mamm |     7 |       ||     7
       Call Imp          |     1 |     9 ||    10
 Stab: Sleeping          |     1 |     2 ||     3
       Distracted        |     1 |       ||     1
Armor: Robe              |    71 |    12 ||    83
Dodge: Dodged            |   156 |    18 ||   174

Table legend: (Time is in decaauts)
 A = Elapsed time spent in this place.
 B = Non-inter-level travel time spent in this place.
 C = Inter-level travel time spent in this place.
 D = Time resting spent in this place.
 E = Time spent auto-exploring this place.
 F = Levels seen in this place.
 G = Mean time per level.
                   A        B        C        D        E       F      G
               +--------+--------+--------+--------+--------+-----+--------+
         Total |   3393 |   3341 |     52 |      0 |   2804 |   4 |  848.2 |
       Dungeon |   3393 |   3341 |     52 |      0 |   2804 |   4 |  848.2 |
               +--------+--------+--------+--------+--------+-----+--------+

Top non-repeatable levels by time:
     D:1: 1594 daAuts
     D:2: 1200 daAuts
     D:3: 584 daAuts
     D:4: 13 daAuts
